Construct Infanterie Kompanie
Selects Reconnaissance Run
Construct Luftwaffe Kompanie
Selects Fallschirmjäger Squad Paradrop
Flak 30 Anti-aircraft Gun Team
Luftwaffe Officer Quarters
Selects Fragmentation Bombs
Selects Luftwaffe Pioneer Support
Selects Flak 38 Anti-Air Emplacement
Flak 30 Anti-aircraft Gun Team
Infanterie Officer Quarters
Construct Panzergrenadier Kompanie
Pak 40 Anti-tank Gun Team
Selects Flak 36 Anti-tank Gun Emplacement
Pak 40 Anti-tank Gun Team
Marder III M Tank Destroyer
Marder III M Tank Destroyer
Marder III M Tank Destroyer
Marder III M Tank Destroyer
Selects Luftwaffe Battlegroup
Selects Italian Coastal Battlegroup